 Dungeon Crawl Stone Soup version 0.20.1-1-g8b1a95d (webtiles) character file.

222 polly the Cudgeler (level 5, -1/33 HPs)
             Began as a Gargoyle Berserker on Dec 30, 2017.
             Was a Believer of Trog.
             Slain by a phantom (6 damage)
             ... on level 4 of the Dungeon on Dec 31, 2017.
             The game lasted 00:03:22 (2579 turns).

polly the Cudgeler (Gargoyle Berserker)             Turns: 2579, Time: 00:03:22

Health: -1/33      AC: 13    Str: 20    XL:     5   Next: 99%
Magic:  5/5        EV:  8    Int:  8    God:    Trog [**....]
Gold:   205        SH:  0    Dex: 10    Spells: 4/4 levels left

rFire    . . .     SeeInvis .   v - +0 morningstar
rCold    . . .     Gourm    .   (no shield)
rNeg     + . .     Faith    .   p - +0 chain mail
rPois    ∞         Spirit   .   (no helmet)
rElec    +         Reflect  .   (no cloak)
rCorr    .         Harm     .   (no gloves)
MR       .....                  (no boots)
Stlth    ..........             f - amulet of magic regeneration
Regen    0.2/turn               (no ring)
MPRegen  0.2/turn               (no ring)

@: berserk cooldown, flying, slowed, very slow
A: negative energy resistance 1, electricity resistance, unbreathing,
petrification resistance, rot immunity, AC +4
a: Berserk, Trog's Hand, Burn Spellbooks, Renounce Religion


You were on level 4 of the Dungeon.
You worshipped Trog.
Trog was pleased with you.
You were very hungry.

You visited 1 branch of the dungeon, and saw 4 of its levels.

You collected 205 gold pieces.

Inventory:

Hand Weapons
 v - a +0 morningstar (weapon)
Armour
 p - a +0 chain mail (worn)
Jewellery
 f - an amulet of magic regeneration (around neck)
Scrolls
 d - 3 scrolls of identify {unknown}
 i - a scroll of immolation {unknown}
 j - 3 scrolls of teleportation {unknown}
 k - a scroll of recharging {unknown}
 m - a scroll of remove curse {unknown}
 o - a scroll of magic mapping {unknown}
 q - a scroll of amnesia {unknown}
 t - 2 scrolls of fog {unknown}
Potions
 b - a potion of agility {unknown}
 e - 2 potions of cancellation {unknown}
 g - a potion of might {unknown}
 l - 2 potions of flight
 n - a potion of curing {unknown}
 r - a potion of heal wounds {unknown}
 w - a potion of haste {unknown}
Comestibles
 c - 5 bread rations
 h - 6 meat rations
 s - 2 royal jellies
 u - 4 fruits


   Skills:
 + Level 4.2 Fighting
 + Level 5.0 Maces & Flails
 + Level 3.2 Armour
 + Level 2.3 Dodging


You had 4 spell levels left.
You didn't know any spells.

Dungeon Overview and Level Annotations

Branches:
Dungeon (4/15)
 Temple: D:4-7

Altars:
Gozag
Makhleb
Ru


Innate Abilities, Weirdness & Mutations

You are resistant to torment.
Your stone body is resilient. (AC +4)
You are immune to poison.
You resist negative energy. (rN+)
You are resistant to electric shocks. (rElec)
You can survive without breathing.
You are immune to petrification.
You are immune to rotting.


Message History

The hound bites you.
* * * LOW HITPOINT WARNING * * *
The orc misses you.
The orc wizard hits you but does no damage.
The iguana bites you but does no damage.
The frilled lizard bites you but does no damage.
The gnoll hits you.
* * * LOW HITPOINT WARNING * * *
The hound bites you but does no damage. The orc closely misses you.
The iguana bites you but does no damage.
The frilled lizard barely misses you.
The orc wizard hits you but does no damage.
Unknown command.
Unknown command.
It was a potion of flight.
You feel very buoyant.
You fly up into the air.
The hound closely misses you. The gnoll hits you but does no damage.
The hound bites you but does no damage. The orc hits you but does no damage.
The phantom hits you.
You die...

.... ###...#
.......########
........#......
......#.#.... ..
...........###...
......oll......#
.....oW@ol.....#
.....(#gh.#.....
..... ###.......#
.... #....#...
### ..#..#
##..... .##..# .l
.... .. #..


You could see a phantom, an iguana, a hound, an orc wizard, a gnoll, 2 orcs and
2 frilled lizards.

Vanquished Creatures
  A bullfrog (D:3)
  An orc priest (D:4)
  2 gnolls (D:4)
  2 adders (D:3)
  3 worms (D:2)
  3 dart slugs
  4 leopard geckos
  5 orcs (D:3)
  A ball python (D:3)
  4 bats
  3 giant cockroaches
  11 hobgoblins
  A jackal (D:2)
  6 frilled lizards
  11 goblins
  6 kobolds
  6 rats
70 creatures vanquished.

Notes
Turn   | Place    | Note
-------+----------+-------------------------------------------
     0 | D:1      | polly the Gargoyle Berserker began the quest for the Orb.
     0 | D:1      | Reached XP level 1. HP: 14/14 MP: 1/1
   243 | D:1      | Reached XP level 2. HP: 19/19 MP: 2/2
  1021 | D:2      | Reached XP level 3. HP: 18/23 MP: 3/3
  1167 | D:2      | Found a burning altar of Makhleb.
  1200 | D:2      | Reached ** piety under Trog
  1730 | D:2      | Found an opulent altar of Gozag.
  1867 | D:2      | Reached XP level 4. HP: 26/29 MP: 4/4
  1870 | D:2      | Found a sacrificial altar of Ru.
  2081 | D:3      | Reached skill level 4 in Maces & Flails
  2146 | D:3      | Noticed a bullfrog
  2161 | D:3      | Killed a bullfrog
  2161 | D:3      | Reached XP level 5. HP: 22/33 MP: 5/5
  2567 | D:4      | Noticed a phantom
  2572 | D:4      | Reached skill level 5 in Maces & Flails
  2579 | D:4      | Slain by a phantom

Skill      XL: |  1  2  3  4  5 |
---------------+----------------+-----
Dodging        | 2 |  2.3
Maces & Flails | 4 5 |  5.0
Fighting       | 4 |  4.2
Armour         | 3 |  3.2

Action                   |  1- 3 |  4- 6 || total
-------------------------+-------+-------++-------
Melee: Mace              |   142 |    85 ||   227
       Morningstar       |       |    22 ||    22
Invok: Berserk           |       |     2 ||     2
  Use: Potion            |       |     1 ||     1
  Eat: Chunk             |     3 |     3 ||     6
Armor: Animal skin       |    29 |       ||    29
       Chain mail        |    43 |   144 ||   187
Dodge: Dodged            |    75 |    92 ||   167
